 Dungeon Crawl Stone Soup version 0.30-a0-140-gd1020e658a (webtiles) character file.

Game seed: 12486641348939402398

(classic levelgen) 16298 Amnesiac the Covert (level 12, -8/60 HPs)
             Began as a Spriggan Delver on Sept 24, 2022.
             Was an Initiate of Gozag.
             Killed by an exploding butterfly (9 damage)
             ... ignited by their inner flame
             ... on level 2 of the Orcish Mines.
             The game lasted 01:00:12 (14256 turns).

Amnesiac the Covert (Spriggan Delver)              Turns: 14256, Time: 01:00:12

Health: -8/60      AC: 14    Str: 10    XL:     12   Next: 8%
Magic:  17/19      EV: 21    Int: 12    God:    Gozag
Gold:   2918       SH: 10    Dex: 21    Spells: 10/19 levels left

rFire   + + .      SeeInvis +    w - +3 dagger (venom)
rCold   . . .      Faith    .    I - +1 buckler of Dawn {rF+ Regen+ rCorr Str+2}
rNeg    . . .      Spirit   .    U - quicksilver dragon scales
rPois   +          Reflect  .    J - +2 hat {Will+}
rElec   .          Harm     .    H - +1 cloak {rPois}
rCorr   +          Rampage  .    (gloves unavailable)
Will    ++++.                    (boots unavailable)
Stlth   ++++......               A - amulet of regeneration
HPRegen 1.80/turn                r - ring of protection from fire
MPRegen 0.16/turn                (no ring)

@: gold aura, very quick
A: very small, no large weapons, unfitting armour, see invisible, speed 3
a: Renounce Religion, Potion Petition, Call Merchant, Bribe Branch


You were on level 2 of the Orcish Mines.
You worshipped Gozag.
Gozag was most pleased with you.
You visited 3 branches of the dungeon, and saw 14 of its levels.
You also visited: Bailey.

You collected 3429 gold pieces.
You spent 445 gold pieces at shops.
You paid 66 gold pieces to Gozag.

Inventory:

Hand Weapons
 q - a +0 sling
 s - a +2 dagger of flaming
 w - a +3 dagger of venom (weapon)
Missiles
 C - a throwing net
 K - 20 poisoned darts
 Q - a curare-tipped dart (quivered)
Armour
 v - an orb of wrath
 H - a +1 cloak of poison resistance (worn)
 I - the +1 buckler of Dawn (worn) {rF+ Regen+ rCorr Str+2}
   (You bought it in a shop on level 5 of the Dungeon)

   Str:       It affects your strength (+2).
   rF:        It protects you from fire.
   Regen:     It increases your rate of health regeneration.
   rCorr:     It protects you from acid and corrosion.
 J - a +2 hat of willpower (worn)
 U - quicksilver dragon scales (worn)
Magical Staves
 m - a staff of earth
Jewellery
 h - a ring of ice
 r - a ring of protection from fire (left hand)
 A - an amulet of regeneration (around neck)
 B - a ring of protection from fire
Wands
 g - a wand of digging (3)
 R - a wand of flame (3)
 S - a wand of quicksilver (6)
 T - a wand of polymorph (2)
Scrolls
 c - a scroll of fog {!r}
 d - 4 scrolls of magic mapping {!r}
 j - 8 scrolls of teleportation {!r}
 l - 2 scrolls of poison {!r}
 n - 2 scrolls of fear {!r}
 o - 2 scrolls of blinking {!r}
 t - a scroll of butterflies {!r}
 x - a scroll of amnesia {!r, unknown}
 y - a scroll of enchant armour {!r, unknown}
 E - a scroll of torment {!r, unknown}
 P - a scroll of summoning {!r}
Potions
 f - 4 potions of haste {!q}
 i - 6 potions of curing {!q}
 k - 3 potions of resistance {!q}
 p - 6 potions of brilliance {!q}
 u - 8 potions of heal wounds {!q, unknown}
 z - a potion of ambrosia {!q}
 D - 6 potions of might {!q, unknown}
 G - 2 potions of attraction {!q, unknown}
 L - a potion of invisibility {!q}
 M - 2 potions of mutation {!q, unknown}
 N - 3 potions of magic {!q, unknown}
 O - a potion of cancellation {!q}


   Skills:
 * Level 5.7 Fighting
 - Level 8.0 Short Blades
 - Level 2.2 Armour
 - Level 10.0 Dodging
 + Level 10.9 Stealth
 + Level 8.5 Shields
 + Level 4.3 Spellcasting
 - Level 5.0 Hexes
 - Level 10.5 Evocations


You had 10 spell levels left.
You knew the following spells:

 Your Spells              Type           Power      Damage    Failure   Level
a - Poisonous Vapours     Pois/Air       4%         N/A       82%         2
b - Passage of Golubria   Tloc           2%         N/A       100%        4
w - Tukima's Dance        Hex            14%        N/A       36%         3

Your spell library contained the following spells:

 Spells                   Type           Power      Damage    Failure   Level
 Sting                    Tmut/Pois      8%         1d3       67%         1
 Portal Projectile        Hex/Tloc       16%        N/A       71%         3
 Hailstorm                Conj/Ice       2%         3d3       100%        4
 Ice Form                 Ice/Tmut       2%         N/A       100%        4
 Olgreb's Toxic Radiance  Pois           2%         N/A       100%        4
 Blade Hands              Tmut           1%         N/A       100%        5
 Silence                  Hex/Air        4%         N/A       100%        5
 Lehudib's Crystal Spear  Conj/Erth      1%         10d2      100%        8
 Simulacrum               Ice/Necr       Unusable   N/A       N/A         6

Dungeon Overview and Level Annotations

Branches:
Dungeon (11/15)            Temple (1/1) D:7            Lair (0/5) D:10
    Orc (2/2) D:10            Elf (0/3) Orc:2        Bailey (visited)

Altars:
Cheibriados
Gozag
Hepliaklqana
Kikubaaqudgha
Nemelex Xobeh
Okawaru
Qazlal
Ru
Zin

Shops:
D:1 [   D:5 [   D:10 :

Annotations:
D:8 3 runed translucent doors, SwiftSteady's ghost, novice GrFi
D:9 rigao's ghost, journeyman DEHs
D:10 exclusions: 3 doors and vampire
Orc:2 Saint Roka


Innate Abilities, Weirdness & Mutations

You are very small and have problems with some larger weapons.
You are too small for most types of armour.
You have supernaturally acute eyesight. (SInv)
You cover ground extremely quickly. (Speed+++)


Message History

Your orc's corpse dissolves into shadows!
Your orc explodes!
The fiery explosion engulfs your butterfly!
Your butterfly disappears in a burst of colours!
The fiery explosion engulfs you! You resist.
* * * LOW HITPOINT WARNING * * *
The fiery explosion engulfs your butterfly!!
Your butterfly disappears in a burst of colours!
Your butterfly explodes!
The fiery explosion engulfs your orc!!
Your orc's corpse dissolves into shadows!
The fiery explosion engulfs you! You resist.
* * * LOW HITPOINT WARNING * * *
The fiery explosion engulfs your butterfly!
Your butterfly disappears in a burst of colours!
The fiery explosion engulfs your butterfly!!
Your butterfly disappears in a burst of colours!
Your butterfly explodes!
The fiery explosion engulfs your butterfly!!!
Your butterfly disappears in a burst of colours!
The fiery explosion engulfs your butterfly!!
Your butterfly disappears in a burst of colours!
The fiery explosion engulfs your butterfly!!
Your butterfly disappears in a burst of colours!
Your butterfly explodes!
The fiery explosion engulfs your butterfly!!
Your butterfly disappears in a burst of colours!
Your butterfly explodes!
The fiery explosion engulfs your butterfly!!
Your butterfly disappears in a burst of colours!
Your butterfly explodes! x2
The fiery explosion engulfs your butterfly!!
Your butterfly disappears in a burst of colours!
The fiery explosion engulfs your butterfly!!
Your butterfly disappears in a burst of colours!
The fiery explosion engulfs your butterfly!!
Your butterfly disappears in a burst of colours!
Your butterfly explodes!
The fiery explosion engulfs your butterfly!!!
Your butterfly disappears in a burst of colours!
Your butterfly explodes! x3
The fiery explosion engulfs your butterfly!!
Your butterfly disappears in a burst of colours!
The fiery explosion engulfs your butterfly!!
Your butterfly disappears in a burst of colours!
Your butterfly explodes!
The fiery explosion engulfs your butterfly!!
Your butterfly disappears in a burst of colours!
The fiery explosion engulfs your butterfly!!
Your butterfly disappears in a burst of colours!
Your butterfly explodes!
The fiery explosion engulfs your butterfly!!
Your butterfly disappears in a burst of colours!
Your butterfly explodes!
The fiery explosion engulfs your butterfly!
Your butterfly disappears in a burst of colours!
Your butterfly explodes!
The fiery explosion engulfs your ogre!! Flame seeps out of your ogre.
Your ogre is almost dead.
Your ogre dissolves into shadows!
Your butterfly explodes! x4; Your orc explodes!
Your butterfly explodes!
The fiery explosion engulfs you! You resist.
You die...
Your body crumbles into a pile of gold.

...........#[.......##### ##.##..
.......^......b......##.####.#.#.
.............[...#.......##......
.........o...b§§§§§§§§..####.....
.............§§§§§§§§§#######....
.............§§§§§§§§§# ##.......
............b.§§§§§§§## #...)....
.............#§§§§§§#.####.......
#..........b.o.§@§§§§§§.####)....
........#...b§o§§§§##.....#.)....
........##oho§§§§#####..........#
...........§§§§§§§# ####.##...##
..........o.○§○#§## #####.##.
.$$........§§.b.## ##....##
..#o#....#.....#.## #....###
.###o....#........# ##.###
#.##.....([.#.##.## ###


You could see Saint Roka (inner flame, ally target), a warg (inner flame), 2
friendly orc warriors, a friendly orc wizard (summoned, inner flame) and 2
friendly orcs.

Vanquished Creatures
  An ettin (D:10)
  2 two-headed ogres
  An orc knight (Orc:2)
  2 cyclopes (Orc:2)
  Maurice (D:10)
  Psyche (D:8)
  A komodo dragon (D:10)
  A freezing wraith (D:10)
  3 trolls (Orc:2)
  2 hornets
  Prince Ribbit (D:7)
  A shadow (D:9)
  A wyvern (D:9)
  Grum (D:9)
  13 yaks
  10 vampire mosquitoes (D:10)
  Eustachio (D:6)
  Menkaure (D:4)
  2 wargs
  A water moccasin (D:8)
  20 orc warriors
  2 black bears
  3 ice beasts
  2 sky beasts
  4 ogres
  4 wolves (D:9)
  A centaur (D:6)
  A phantom (D:5)
  2 kobold brigands
  7 bullfrogs
  2 gnoll sergeants
  3 scorpions
  9 killer bees
  2 jellies (D:5)
  4 hounds
  A gnoll bouda (D:7)
  12 orc priests
  An iguana (D:4)
  14 orc wizards
  7 adders
  27 gnolls
  A river rat (D:6)
  3 shadow imps
  A white imp (D:6)
  An ufetubus (D:5)
  3 worms
  5 dart slugs
  70 orcs
  6 bats
  5 endoplasms
  3 giant cockroaches (D:3)
  16 goblins
  16 hobgoblins
  A quokka (D:2)
  8 ball pythons
  2 frilled lizards
  25 kobolds
  5 rats
346 creatures vanquished.

Vanquished Creatures (collateral kills)
  A two-headed ogre (D:10)
  An ogre (Orc:1)
  Crazy Yiuf (D:4)
  3 gnolls (Bailey)
6 creatures vanquished.

Vanquished Creatures (others)
  9 dancing weapons
  3 plants
12 creatures vanquished.

Grand Total: 364 creatures vanquished

Notes
Turn   | Place    | Note
-------+----------+-------------------------------------------
     0 | D:5      | Amnesiac the Spriggan Delver began the quest for the Orb.
     0 | D:5      | Reached XP level 1. HP: 11/11 MP: 2/2
   280 | D:4      | Noticed Menkaure
   428 | D:4      | Reached skill level 1 in Evocations
   457 | D:4      | Reached XP level 2. HP: 16/16 MP: 3/3
   478 | D:4      | Noticed a scorpion
   537 | D:4      | Noticed a scorpion
   994 | D:5      | Found a stormy altar of Qazlal.
  1111 | D:5      | Found Takho's Antique Armour Shoppe.
  1165 | D:5      | Noticed a phantom
  1224 | D:5      | Noticed a bullfrog
  1490 | D:5      | Reached XP level 3. HP: 18/19 MP: 4/4
  1516 | D:5      | Reached skill level 5 in Dodging
  1516 | D:5      | Reached XP level 4. HP: 19/23 MP: 5/5
  1540 | D:5      | Noticed a water moccasin
  1541 | D:5      | a water moccasin changed into an ice beast
  1541 | D:5      | Noticed an ice beast
  1622 | D:5      | Killed an ice beast
  1623 | D:5      | Reached XP level 5. HP: 27/27 MP: 6/6
  1769 | D:5      | Killed a phantom
  1770 | D:5      | Reached XP level 6. HP: 22/32 MP: 7/7
  2591 | D:6      | Reached skill level 5 in Evocations
  2725 | D:6      | Reached XP level 7. HP: 27/35 MP: 8/8
  3363 | D:6      | Noticed Eustachio
  3445 | D:7      | Noticed Prince Ribbit
  3647 | D:7      | Learned a level 3 spell: Tukima's Dance
  3952 | D:7      | Found a staircase to the Ecumenical Temple.
  3963 | Temple   | Entered the Ecumenical Temple
  3985 | Temple   | Became a worshipper of Gozag Ym Sagoz the Greedy
  4023 | D:6      | Killed Eustachio
  4116 | D:5      | Reached skill level 10 in Dodging
  4180 | D:3      | Reached XP level 8. HP: 39/39 MP: 9/9
  4823 | D:1      | Found Cintiaj's Antique Armour Shoppe.
  5175 | D:2      | Identified the +4 flail of the Eternal Warrior {vorpal,
                  | Fragile rN+++ rCorr Str-3}
  5498 | D:2      | Found a faded altar of an unknown god.
  6172 | D:4      | Found the +3 woodcutter's axe {vorpal}
  6302 | D:4      | Found a runed translucent door.
  6303 | D:4      | Noticed Crazy Yiuf
  6676 | D:4      | Killed Crazy Yiuf
  6749 | D:4      | Killed Menkaure
  6750 | D:4      | Reached skill level 5 in Hexes
  6750 | D:4      | Reached skill level 10 in Stealth
  6841 | D:5      | Bought a bloodstained buckler for 256 gold pieces
  6841 | D:5      | Identified the +1 buckler of Dawn {rF+ Regen+ rCorr Str+2}
                  | (You bought it in a shop on level 5 of the Dungeon)
  6841 | D:5      | Bought a glowing hat for 189 gold pieces
  7220 | D:7      | Reached skill level 5 in Short Blades
  7266 | D:7      | Reached XP level 9. HP: 40/43 MP: 8/10
  7280 | D:7      | Killed Prince Ribbit
  7651 | D:7      | Reached skill level 1 in Shields
  7701 | D:7      | Found a sparkling altar of Nemelex Xobeh.
  8254 | D:8      | You fall into a shaft and drop 2 floors!
  8254 | D:10     | Entered Level 10 of the Dungeon
  8256 | D:10     | Found a runed translucent gate.
  8262 | D:10     | Found a runed translucent gate.
  8262 | D:10     | Noticed rigao's ghost (journeyman DEHs)
  8263 | D:10     | Found a runed translucent gate.
  8343 | D:10     | Reached XP level 10. HP: 51/51 MP: 11/11
  8383 | D:9      | Found a faded altar of an unknown god.
  8383 | D:9      | Found a snail-covered altar of Cheibriados.
  8388 | D:9      | Found a hazy altar of Hepliaklqana.
  8390 | D:9      | Found a faded altar of an unknown god.
  8391 | D:9      | Found a sacrificial altar of Ru.
  8440 | D:9      | Found an iron altar of Okawaru.
  8614 | D:9      | Found a flagged portal.
  8638 | Bailey   | Entered a bailey
  9403 | D:8      | Noticed a two-headed ogre
  9404 | D:8      | Found a runed translucent gate.
  9404 | D:8      | Found a runed translucent gate.
  9405 | D:8      | Found a runed translucent gate.
  9405 | D:8      | Noticed a cyclops
  9405 | D:8      | Noticed SwiftSteady's ghost (novice GrFi)
  9493 | D:8      | Noticed Psyche
  9501 | D:8      | Killed Psyche
  9783 | D:8      | Reached skill level 10 in Evocations
  9994 | D:8      | Identified the +2 war axe of Ugimumuh {venom, rC+ rN+}
 10052 | D:8      | Learned a level 2 spell: Poisonous Vapours
 10367 | D:9      | Noticed a two-headed ogre
 10386 | D:9      | Noticed Grum
 10616 | D:8      | Killed a two-headed ogre
 10617 | D:8      | Reached skill level 5 in Shields
 10825 | D:9      | Killed Grum
 10863 | D:9      | Noticed a two-headed ogre
 10941 | D:9      | Killed a two-headed ogre
 10942 | D:9      | Reached XP level 11. HP: 54/54 MP: 3/16
 11365 | D:10     | Found a staircase to the Orcish Mines.
 11460 | D:10     | Learned a level 4 spell: Passage of Golubria
 11470 | D:10     | Noticed a two-headed ogre
 11472 | D:10     | Found Naenir's Book Boutique.
 11503 | D:10     | Killed a two-headed ogre
 11535 | D:10     | Noticed Maurice
 11557 | D:10     | Found a staircase to the Lair.
 12294 | D:10     | Killed Maurice
 12526 | D:10     | Identified the +1 pair of boots of Levity {rC+ Slay+2
                  | Stlth+}
 12640 | Orc:1    | Entered Level 1 of the Orcish Mines
 12640 | Orc:1    | Noticed an ettin
 12730 | D:10     | Killed an ettin
 12916 | Orc:2    | Entered Level 2 of the Orcish Mines
 12919 | Orc:2    | Found a staircase to the Elven Halls.
 12959 | Orc:2    | Reached skill level 1 in Armour
 13639 | Orc:2    | Noticed an orc knight
 13716 | Orc:2    | Reached skill level 5 in Fighting
 14015 | Orc:2    | Noticed an orc knight
 14021 | Orc:2    | Noticed an orc sorcerer
 14026 | Orc:2    | an orc knight changed into a hornet
 14061 | Orc:2    | Killed an orc knight
 14062 | Orc:2    | Reached XP level 12. HP: 52/60 MP: 6/19
 14145 | Orc:2    | Noticed Saint Roka
 14256 | Orc:2    | HP: 1/60 [spore (9)]
 14256 | Orc:2    | Killed by an exploding butterfly... ignited by their inner
                  | flame

Illustrated notes

Levels and vault maps discovered:
D:1:      dpeg_arrival_rhombus, layout_loops_ring, serial_shops, shop
D:2:      layout_basic, nicolae_ecumenical_pavilion, minmay_ruptured
D:3:      layout_rooms
D:4:      corexii_shantytown, layout_loops_corners, st_stairs_7,
          uniq_crazy_yiuf_cottage, uniq_menkaure
D:5:      layout_basic, mainiacjoe_overflow_24_doors, serial_shops, shop
D:6:      layout_loops_ring, uniq_eustachio
D:7:      layout_cave_pods, amcnicky_altar_gilded, minmay_temple_entry_grid,
          chequers_avenue, uniq_prince_ribbit1
D:8:      layout_cave_pods, gammafunk_ghost_split, minmay_misc_feat_nine_boxes,
          unseen_surprise_small, uniq_psyche
D:9:      layout_gridville, chequers_temple_overflow_minitemple,
          mainiacjoe_overflow_paths, enter_bailey_7, uniq_grum
D:10:     layout_roguey, david_lair_shrubbed, orc_0_dummy,
          biasface_ghost_orc_armoury, serial_shops, shop, uniq_maurice
D:11:     layout_cave_pools, ploomutoo_gammafunk_ghost_potion_laboratory,
          dk_noncrumbling_2, hex_medium
Temple:   nicolae_temple_slightly_damp_pantheon
Orc:1:    layout_caves, mines2_david
Orc:2:    grunt_orc_cross, layout_caves

Skill      XL: |  1  2  3  4  5  6  7  8  9 10 11 |
---------------+----------------------------------+-----
Dodging        | 3 4 5 6 7 8 10 | 10.0
Evocations     | 1 2 3 4 5 6 10 | 10.5
Stealth        | 8 10 | 10.9
Hexes          | 5 |  5.0
Short Blades   | 5 8 |  8.0
Shields        | 3 5 8 |  8.5
Fighting       | 4 5 |  5.7
Spellcasting   | 3 4 |  4.3
Armour         | 2 |  2.2

Action                   |  1- 3 |  4- 6 |  7- 9 | 10-12 || total
-------------------------+-------+-------+-------+-------++-------
Melee: Short sword       |    20 |       |       |       ||    20
       Dagger            |       |       |   485 |   914 ||  1399
       Punch             |       |       |     1 |       ||     1
 Fire: Sling             |    12 |       |     5 |       ||    17
       Shortbow          |    16 |   145 |    35 |       ||   196
Throw: Dart              |       |       |       |     6 ||     6
 Cast: Tukima's Dance    |       |       |     5 |    51 ||    56
       Poisonous Vapours |       |       |       |     1 ||     1
Evoke: Wand              |       |     7 |     4 |    12 ||    23
  Use: Scroll            |       |       |     4 |     7 ||    11
 Stab: Sleeping          |     5 |       |    59 |    28 ||    92
       Distracted        |     1 |       |     7 |     8 ||    16
       Paralysed         |       |       |     2 |       ||     2
Armor: Robe              |     3 |     9 |    14 |    19 ||    45
       Quicksilver drago |       |       |       |    66 ||    66
Dodge: Dodged            |    24 |    76 |   336 |   440 ||   876
Block: Buckler           |       |       |    76 |   313 ||   389

Table legend: (Time is in decaauts)
 A = Elapsed time spent in this place.
 B = Non-inter-level travel time spent in this place.
 C = Inter-level travel time spent in this place.
 D = Time resting spent in this place.
 E = Time spent auto-exploring this place.
 F = Levels seen in this place.
 G = Mean time per level.
                   A        B        C        D        E       F      G
               +--------+--------+--------+--------+--------+-----+--------+
         Total |   9779 |   9379 |    400 |    946 |   4170 |  15 |  651.9 |
       Dungeon |   8329 |   7957 |    372 |    854 |   3596 |  11 |  757.2 |
        Temple |     20 |     14 |      6 |      0 |      1 |   1 |   20.0 |
  Orcish Mines |   1050 |   1029 |     21 |      9 |    449 |   2 |  525.0 |
        Bailey |    379 |    379 |      0 |     82 |    122 |   1 |  379.0 |
               +--------+--------+--------+--------+--------+-----+--------+

Top non-repeatable levels by time:
     D:6: 1245 daAuts
     D:4: 1230 daAuts
    D:10: 1042 daAuts
     D:7: 1012 daAuts
     D:5: 936 daAuts
     D:9: 886 daAuts
     D:8: 719 daAuts
   Orc:2: 587 daAuts
     D:2: 474 daAuts
   Orc:1: 463 daAuts
     D:1: 411 daAuts
  Bailey: 379 daAuts
     D:3: 363 daAuts
  Temple: 20 daAuts
    D:11: 5 daAuts
